 Dungeon Crawl Stone Soup version 0.31.0-12-g77e489cdc1 (webtiles) character file.

Game seed: 14447456206728291149

754 Kallu the Destroyer (level 7, -3/48 (50) HPs)
             Began as a Human Conjurer on Feb 19, 2024.
             Was a Follower of Sif Muna.
             Shot with an arrow by a centaur (17 damage)
             ... on level 6 of the Dungeon.
             The game lasted 00:08:21 (5553 turns).

Kallu the Destroyer (Human Conjurer)                Turns: 5553, Time: 00:08:21

HP:   -3/48 (50)    AC:  5    Str:  8    XL:     7   Next: 79%
MP:   5/12          EV: 17    Int: 20    God:    Sif Muna [*.....]
Gold: 284           SH:  0    Dex: 11    Spells: 6/13 levels left

rFire   . . .        l - +1 dagger (drain)
rCold   . . .        (no shield)
rNeg    . . .        a - +0 robe
rPois   .            (no helmet)
rElec   .            o - +0 cloak
rCorr   .            y - +1 pair of gloves
SInv    .            (no boots)
Will    .....        (no amulet)
Stlth   ++           m - ring of wizardry
HPRegen 0.28/turn    E - +5 ring of evasion
MPRegen 0.13/turn

%: wizardry (x1)
@: lightly drained
A: explore regen
a: Renounce Religion, Channel Magic


You were on level 6 of the Dungeon.
You worshipped Sif Muna.
Sif Muna was aware of your devotion.
You visited 2 branches of the dungeon, and saw 7 of its levels.

You collected 284 gold pieces.

Inventory:

Hand Weapons
 l - a +1 dagger of draining (weapon)
Missiles
 i - 24 poisoned darts
 B - 4 javelins
Armour
 a - a +0 robe (worn)
 o - a +0 cloak (worn)
 y - a +1 pair of gloves (worn)
Magical Staves
 p - a staff of cold
Jewellery
 m - a ring of wizardry (left hand)
 E - a +5 ring of evasion (right hand)
Scrolls
 c - 2 scrolls of amnesia {unknown}
 d - a scroll of enchant weapon {unknown}
 e - a scroll of butterflies {unknown}
 f - 3 scrolls of revelation {unknown}
 h - 2 scrolls of noise {unknown}
 j - 2 scrolls of teleportation {unknown}
 n - a scroll of vulnerability {unknown}
 s - a scroll of enchant armour {unknown}
 w - a scroll of immolation {unknown}
 x - 2 scrolls of identify {unknown}
 z - a scroll of brand weapon {unknown}
 C - a scroll of blinking {unknown}
 D - a scroll of fear {unknown}
Potions
 b - a potion of magic
 g - 3 potions of haste {unknown}
 k - 3 potions of degeneration {unknown}
 q - a potion of attraction {unknown}
 r - a potion of mutation {unknown}
 t - 2 potions of invisibility {unknown}
 u - 2 potions of curing {unknown}
 v - 2 potions of heal wounds {unknown}
 A - 2 potions of lignification {unknown}


   Skills:
 - Level 2.0 Fighting
 - Level 2.0 Dodging
 - Level 2.0 Stealth
 + Level 3.7 Spellcasting
 - Level 8.0 Conjurations
 - Level 2.0 Alchemy


You had 6 spell levels left.
You knew the following spells:

 Your Spells              Type           Power      Damage    Failure   Level
a - Magic Dart            Conj           100%       1d8       1%          1
b - Searing Ray           Conj           70%        2d7       1%          2
c - Fulminant Prism       Conj/Alch      11%        3d8       7%          4

Your spell library contained the following spells:

 Spells                   Type           Power      Damage    Failure   Level
 Static Discharge         Conj/Air       38%        3-5/arc   1%          2
 Scorch                   Fire           6%         2d5       9%          2
 Flame Wave               Conj/Fire      19%        2d7       11%         4
 Iskenderun's Mystic Bla  Conj/Tloc      19%        2d6       11%         4
 Fireball                 Conj/Fire      9%         3d6       26%         5
 Airstrike                Air            1%         2d(1-17)  45%         4
 Cause Fear               Hex            1%         N/A       45%         4
 Summon Lightning Spire   Summ/Air       3%         N/A       45%         4
 Summon Cactus Giant      Summ           1%         N/A       100%        6
 Dragon's Call            Summ           1%         N/A       100%        9


Dungeon Overview and Level Annotations

Branches:
Dungeon (6/15)             Temple (1/1) D:4

Altars:
Ashenzari
Cheibriados
Dithmenos
Elyvilon
Gozag
Hepliaklqana
Kikubaaqudgha
Makhleb
Nemelex Xobeh
Okawaru
Ru
Sif Muna
Trog
Uskayaw
Vehumet
Xom
Yredelemnul
Zin

Shops:
D:5 [=

Annotations:
D:4 2 transporters


Innate Abilities, Weirdness & Mutations

You regain HP and MP as you explore.


Message History

You can't go down here!
There is a stone staircase leading down here.
You climb downwards.
There is a stone staircase leading up here.
Unknown command.
Found a war axe.
You see here a +0 war axe.
A centaur comes into view.
Found a cloak.
The centaur shouts!
The centaur wields a +0 orcbow.
The centaur shoots an arrow.
The arrow hits you.
Unknown command.
The magic dart hits the centaur.
The centaur is moderately wounded.
The centaur shoots an arrow.
The arrow misses you.
The magic dart hits the centaur but does no damage.
The centaur is moderately wounded.
The centaur shoots an arrow.
The arrow hits you!
The centaur shoots an arrow.
The arrow hits you!
* * * LOW HITPOINT WARNING * * *
You are too injured to fight recklessly!
Unknown command.
Casting: Magic Dart (safe; 1% risk of failure)
Confirm with . or Enter, or press ? or * to list all spells.
Aiming: Searing Ray (safe; 1% risk of failure)
Press: ? - help, Shift-Dir - straight line, f/p - centaur
Aim: a centaur, wielding a +0 orcbow (moderately wounded, 88% to hit)
The searing ray hits the centaur.
The centaur is heavily wounded. (Press . to maintain the ray.) Unknown command.
The centaur shoots an arrow.
The arrow completely misses you.
The searing ray misses the centaur.
The centaur shoots an arrow.
The arrow closely misses you.
The searing ray hits the centaur.
The centaur is severely wounded.
You finish channelling your searing ray.
The centaur shoots an arrow.
The arrow hits you!
You die...

#..#.......#......
#..#)z.....'......
#..#<...(..#......
#..#...##..#......
#).#...##.(#......
#..#...#...'......
#..#...#...#......
#..#...##+##......
#@.#...# ......
...c.....#....
..<.. [..........
.... .............
....
~.~~~.~..~~~.~~
~~≈~~~~~~~~~~~≈
≈≈≈≈~≈≈≈≈≈~≈≈≈≈
###≈≈≈≈≈≈≈≈≈≈≈≈


You could see a centaur.

Vanquished Creatures
  An ogre (D:5)
  A phantom (D:4)
  2 scorpions (D:5)
  A wight (D:5)
  A gnoll bouda (D:6)
  5 iguanas
  3 orc wizards
  7 adders
  4 gnolls (D:6)
  A shadow imp (D:4)
  A white imp (D:4)
  2 ribbon worms (D:2)
  3 dart slugs
  3 orcs (D:5)
  9 ball pythons
  5 endoplasms
  4 giant cockroaches
  6 hobgoblins
  A jackal (D:3)
  11 kobolds
  A quokka (D:2)
  7 bats
  2 frilled lizards (D:3)
  4 goblins
  3 rats
88 creatures vanquished.

Vanquished Creatures (others)
  4 fulminant prisms
4 creatures vanquished.

Grand Total: 92 creatures vanquished

Notes
Turn   | Place    | Note
-------+----------+-------------------------------------------
     0 | D:1      | Kallu the Human Conjurer began the quest for the Orb.
     0 | D:1      | Reached XP level 1. HP: 13/13 MP: 3/3
   215 | D:1      | Reached XP level 2. HP: 7/19 MP: 0/5
   362 | D:1      | Learned a level 2 spell: Searing Ray
   964 | D:2      | Reached XP level 3. HP: 22/24 MP: 0/7
  1479 | D:2      | Reached XP level 4. HP: 30/30 MP: 2/8
  1571 | D:2      | Learned a level 4 spell: Fulminant Prism
  1705 | D:3      | Reached skill level 5 in Conjurations
  2235 | D:3      | Found a faded altar of an unknown god.
  2374 | D:3      | Reached skill level 1 in Alchemy
  2991 | D:4      | Found a broken altar of Ashenzari.
  2991 | D:4      | Found a sparkling altar of Nemelex Xobeh.
  2991 | D:4      | Found a basalt altar of Yredelemnul.
  2994 | D:4      | Found an ancient bone altar of Kikubaaqudgha.
  3050 | D:4      | Reached XP level 5. HP: 20/35 MP: 1/9
  3302 | D:4      | Found a transporter.
  3410 | D:4      | Noticed a phantom
  3417 | D:4      | Killed a phantom
  3418 | D:4      | Reached skill level 6 in Conjurations
  3418 | D:4      | Reached skill level 1 in Fighting
  3418 | D:4      | Reached XP level 6. HP: 43/43 MP: 3/10
  3490 | D:4      | Found a transporter.
  3519 | D:4      | Found a hide-covered altar of Uskayaw.
  3869 | D:4      | Found a staircase to the Ecumenical Temple.
  4002 | Temple   | Entered the Ecumenical Temple
  4014 | Temple   | Became a worshipper of Sif Muna the Loreminder
  4250 | D:5      | Entered Level 5 of the Dungeon
  4250 | D:5      | Found Paylih's Armour Emporium.
  4472 | D:5      | Reached skill level 7 in Conjurations
  4472 | D:5      | Reached XP level 7. HP: 44/50 MP: 3/11
  4988 | D:5      | Found Solunupn's Jewellery Shop.
  5275 | D:6      | Reached skill level 8 in Conjurations
  5425 | D:5      | Reached * piety under Sif Muna
  5553 | D:6      | Shot with an arrow by a centaur

Illustrated notes

Levels and vault maps discovered:
D:1:      roderic_dead_forest, layout_basic
D:2:      layout_rooms
D:3:      minmay_general_purpose_star, layout_basic,
          shapermc_ecumenical_altar_totnotflames, dk_vineyard_1
D:4:      gammafunk_steamed_eel, layout_loops_corners,
          mainiacjoe_overflow_concentric_impassable, grunt_temple_overflow_open,
          minmay_temple_entry_glassed_door, serial_library_hellmonk_octagon
D:5:      layout_rooms, serial_shops, nicolae_shop_just_a_little_nook,
          nicolae_stop_n_shop_1
D:6:      minmay_goblin_kobold_castle, layout_gridville, lemuel_doored_altar
Temple:   cyrus_circular_temple

Skill      XL: |  1  2  3  4  5  6  7 |
---------------+----------------------+-----
Spellcasting   | 3 |  3.7
Conjurations   | 5 6 7 8 |  8.0
Alchemy        | 1 2 |  2.0
Fighting       | 1 2 |  2.0
Dodging        | |  2.0
Stealth        | |  2.0

Action                     |  1- 3 |  4- 6 |  7- 9 || total
---------------------------+-------+-------+-------++-------
  Melee: Unarmed           |    20 |       |       ||    20
         Dagger            |     7 |    15 |    18 ||    40
         Punch             |       |     1 |       ||     1
   Cast: Magic Dart        |    50 |    67 |    28 ||   145
         Searing Ray       |     7 |    13 |    12 ||    32
         Fulminant Prism   |       |     1 |     3 ||     4
 Armour: Robe              |    30 |    22 |    15 ||    67
  Dodge: Dodged            |    28 |    15 |    23 ||    66
